Map: Kairos Junction LE

Players

Gyalgatine - Winner!

  • Race: Terran Terran
  • League: Master
  • Spawn Location: 5:00

DOJ

  • Race: Terran Terran
  • League: Diamond
  • Spawn Location: 11:00

VOD

Have the link to the VOD?

Description

Time

  • Played on: May 11, 2019, 2:15 p.m.
  • Length: 9:30
Show
View Real Time Build Order
Export as new Build Order

Gyalgatine Terran - Winner!

Build Orders: Mech 

Get SALT Encoding   

  12  0:00  SCV  
  13  0:12  SCV  
  14  0:17  Supply Depot  
  14  0:24  SCV  
  15  0:28  Refinery  
  15  0:38  SCV  
  16  0:45  Barracks  
  16  0:50  SCV  
  16  0:56  Refinery  
  17  1:03  SCV  
  18  1:15  SCV  
  19  1:31  Orbital Command  
  19  1:32  Reaper  
  20  1:37  Factory  
  20  1:45  Supply Depot  
  20  1:57  SCV  
  21  2:04  Reaper  
  22  2:09  SCV  
  23  2:21  Hellion  
  25  2:27  Command Center  
  25  2:31  SCV  
  26  2:39  Reaper  
  26  2:43  Hellion, SCV  
  30  2:47  Supply Depot  
  30  2:57  Starport  
  30  3:00  SCV  
  30  3:15  Factory Tech Lab  
  30  3:16  Barracks Tech Lab  
  30  3:18  SCV  
  30  3:27  Refinery  
  30  3:33  SCV  
  28  3:34  Cyclone  
  28  3:40  Orbital Command  
  29  3:46  SCV  
  29  3:57  Raven  
  29  4:00  SCV  
  31  4:06  Cyclone  
  34  4:10  SCV  
  34  4:14  SCV  
  36  4:25  Refinery, SCV  
  36  4:26  SCV  
  38  4:37  SCV  
  42  4:38  Cyclone  
  42  4:44  Raven  
  44  4:46  SCV  
  44  4:50  Barracks Reactor, SCV  
  46  4:53  Supply Depot  
  46  4:58  SCV  
  47  5:02  SCV  
  48  5:10  Siege Tank, SCV  
  52  5:15  Supply Depot  
  52  5:17  Supply Depot  
  52  5:21  SCV  
  53  5:24  SCV  
  54  5:32  Factory  
  54  5:34  SCV  
  55  5:37  Barracks Reactor, SCV  
  55  5:38  Factory  
  55  5:40  Viking x2  
  60  5:44  Supply Depot  
  60  5:46  SCV  
  60  5:49  SCV  
  62  5:50  Siege Tank  
  65  5:58  SCV  
  66  6:06  SCV, Supply Depot  
  66  6:10  Viking x2  
  72  6:11  SCV  
  72  6:17  Siege Tank  
  75  6:19  SCV  
  75  6:23  SCV  
  77  6:27  Siege Tank  
  77  6:31  Hellion x2, SCV  
  85  6:38  SCV  
  86  6:41  Supply Depot  
  86  6:42  Viking x2  
  86  6:43  Supply Depot  
  90  6:49  Hellion  
  90  6:52  Hellion  
  94  6:58  Liberator  
  94  7:03  Hellion, SCV x2  
  94  7:06  Siege Tank  
  100  7:13  Supply Depot  
  100  7:15  SCV  
  104  7:17  Command Center  
  104  7:21  SCV  
  104  7:22  Siege Tank  
  108  7:27  Hellion  
  110  7:31  Supply Depot  
  110  7:34  Viking, Hellion  
  114  7:39  Siege Tank  
  115  7:49  Hellion  
  105  7:54  Hellion  
  105  7:56  Hellion  
  99  7:58  Viking  
  96  8:08  Viking  
  96  8:11  Hellion, Siege Tank, Liberator  
  103  8:25  Hellion x2  
  107  8:34  Orbital Command  
  105  8:38  Viking  
  100  8:52  Hellion x2  
  94  9:01  Hellion  
  94  9:02  Orbital Command  
  99  9:11  SCV  
  99  9:30  Refinery  
Show
View Real Time Build Order
Export as new Build Order

DOJ Terran 

Build Orders: Mech 

Get SALT Encoding   

  12  0:00  SCV  
  13  0:13  SCV  
  14  0:17  Supply Depot  
  14  0:25  SCV  
  15  0:29  Refinery  
  15  0:38  SCV  
  16  0:45  Barracks  
  16  0:51  SCV  
  16  0:54  Refinery  
  17  1:03  SCV  
  18  1:15  SCV  
  19  1:31  Orbital Command  
  19  1:32  Reaper  
  20  1:38  Factory  
  20  1:45  Supply Depot  
  20  1:57  SCV  
  21  2:04  Reaper  
  22  2:09  SCV  
  23  2:21  SCV  
  26  2:23  Hellion  
  26  2:32  Command Center  
  26  2:36  Reaper  
  27  2:40  SCV  
  30  2:44  Hellion  
  30  2:48  Supply Depot  
  30  2:53  SCV  
  31  3:06  Starport, Factory Tech Lab  
  31  3:08  SCV  
  30  3:20  Barracks Reactor, SCV  
  31  3:33  SCV  
  31  3:38  Siege Tank  
  32  3:45  SCV, Orbital Command  
  33  3:57  SCV  
  34  4:08  Engineering Bay  
  34  4:09  Viking, SCV  
  37  4:10  Viking  
  37  4:11  Siege Tank  
  40  4:20  SCV  
  40  4:21  SCV  
  42  4:33  SCV x2  
  44  4:39  Missile Turret, Command Center  
  44  4:44  Missile Turret  
  44  4:47  SCV  
  44  4:49  SCV  
  44  4:51  Refinery  
  44  4:52  Refinery  
  46  4:58  Supply Depot  
  46  4:59  SCV  
  47  5:00  Missile Turret  
  47  5:01  SCV  
  48  5:09  Missile Turret  
  48  5:11  Siege Tank, SCV  
  48  5:13  SCV  
  53  5:20  Viking x2  
  57  5:26  Supply Depot  
  57  5:27  SCV x2  
  59  5:35  Barracks Reactor  
  59  5:37  Factory  
  59  5:39  SCV x2  
  61  5:48  Siege Tank  
  64  5:50  Viking, Supply Depot  
  64  5:52  SCV x2  
  68  6:00  Viking  
  71  6:04  SCV  
  71  6:06  Factory, Orbital Command  
  71  6:22  Supply Depot  
  71  6:25  SCV x2  
  73  6:29  Factory  
  73  6:31  Orbital Command  
  73  6:45  Viking x2, Siege Tank  
  80  6:49  Barracks Reactor  
  80  6:50  Hellion x2  
  80  6:51  Starport  
  80  6:52  Factory Tech Lab  
  84  6:57  SCV  
  84  6:58  SCV x2  
  87  7:02  Sensor Tower  
  87  7:09  SCV  
  87  7:10  SCV x2, Supply Depot  
  87  7:13  Factory Tech Lab  
  90  7:16  Infernal Pre-Igniter  
  90  7:20  Refinery  
  90  7:21  SCV  
  90  7:22  SCV x2  
  93  7:23  Refinery  
  93  7:27  Viking, Hellion x2  
  99  7:38  Armory  
  99  7:39  SCV x2  
  101  7:49  Orbital Command  
  74  8:03  Viking x3  
  65  8:24  Siege Tank  
  65  8:25  Siege Tank  
  65  8:26  Hellion x3  
  77  8:32  Viking  
  79  8:41  Viking  
  79  8:42  Viking  
  66  9:19  Supply Depot  
  66  9:20  Supply Depot  
  66  9:21  Command Center  
  66  9:22  Supply Depot  
Tags
 
Composition
MechMech
Matchup
TvT
Race
Terran
Spawn Locations
Cross Positions
Add a new tag
Caveats
  • Supply blocks, unpowered buildings, or Contaminate may cause inaccurate times.
  • Supply counts are checked every 10 seconds.